 Dungeon Crawl Stone Soup version 0.24.1-8-ga250c9d538 (webtiles) character file.

Game seed: 8169938970111525546, levelgen mode: deterministic

13721 Peloso the Blocker (level 12, -4/81 HPs)
             Began as a Halfling Fighter on Apr 29, 2020.
             Was an Elder of Okawaru.
             Slain by an orc warrior
             ... wielding a +0 battleaxe
             ... led by an orc warlord
              (21 damage)
             ... on level 1 of the Orcish Mines.
             The game lasted 00:36:42 (15546 turns).

Peloso the Blocker (Halfling Fighter)              Turns: 15546, Time: 00:36:43

Health: -4/81      AC: 24    Str: 24    XL:     12   Next: 36%
Magic:  13/13      EV:  7    Int:  6    God:    Okawaru [****..]
Gold:   151        SH: 15    Dex: 15    Spells: 11/11 levels left

rFire    + . .     SeeInvis .   a - +8 demon blade "Bloodbane" {slice, *Rage +Rage Stlth-}
rCold    x . .     Gourm    +   c - +1 shield
rNeg     . . .     Faith    .   o - +0 crystal plate armour
rPois    .         Spirit   .   r - +0 helmet
rElec    .         Reflect  .   N - +0 cloak
rCorr    .         Harm     .   (no gloves)
MR       .....     Rnd*Rage +   D - +1 pair of boots {Fly}
Stlth    ..........             x - amulet of the gourmand
HPRegen  0.23/turn              h - +3 ring of strength
MPRegen  0.13/turn              b - ring of fire

@: berserk cooldown, flying, studying Fighting
A: small, mutation resistance 1
a: Heroism, Renounce Religion, Evoke Berserk Rage, Stop Flying


You were on level 1 of the Orcish Mines.
You worshipped Okawaru.
Okawaru was greatly pleased with you.
You were completely stuffed.

You visited 3 branches of the dungeon, and saw 13 of its levels.
You also visited: Ossuary and Bailey.

You collected 761 gold pieces.
You spent 610 gold pieces at shops.

Inventory:

Hand Weapons
 a - the +8 demon blade "Bloodbane" (weapon) {slice, *Rage +Rage Stlth-}
   (You acquired it on level 9 of the Dungeon)

   It inflicts extra damage upon your enemies.
   It lets you go berserk.
   It may make you go berserk in combat.
   It makes you less stealthy.
Armour
 c - a +1 shield (worn)
 o - a +0 crystal plate armour (worn)
 r - a +0 helmet (worn)
 D - a +1 pair of boots of flying (worn)
 L - a +0 crystal plate armour
 N - a +0 cloak (worn)
 O - a +0 crystal plate armour
Jewellery
 b - a ring of fire (right hand)
 h - a +3 ring of strength (left hand)
 s - an uncursed ring of protection from fire
 x - an amulet of the gourmand (around neck)
 z - an uncursed ring of stealth
Wands
 e - a wand of random effects (45)
 y - a wand of paralysis (4)
 A - a wand of iceblast (14)
 C - a wand of flame (11)
 E - a wand of enslavement (5)
Scrolls
 d - 2 scrolls of blinking
 g - 2 scrolls of enchant armour
 i - 4 scrolls of teleportation
 k - 6 scrolls of random uselessness {unknown}
 l - 10 scrolls of remove curse
 q - 2 scrolls of enchant weapon
 B - a scroll of amnesia
 F - a scroll of fear
 I - a scroll of vulnerability {unknown}
 K - 2 scrolls of noise
 M - a scroll of fog {unknown}
Potions
 m - a potion of magic
 p - 3 potions of flight
 t - 2 potions of brilliance
 v - 2 potions of mutation
 w - 3 potions of haste
 P - a potion of might
Books
 J - a manual of Fighting
Comestibles
 f - 21 rations
 j - 2 chunks of flesh


   Skills:
 + Level 7.2 Fighting
 + Level 11.4 Long Blades
 + Level 8.2 Armour
 + Level 3.7 Dodging
 + Level 4.1 Stealth
 + Level 11.7 Shields
 + Level 2.2 Invocations
 + Level 1.1 Evocations


You had 11 spell levels left.
You didn't know any spells.
Your spell library contained the following spells:

 Spells                   Type           Power        Failure   Level  Hunger
 Animate Skeleton         Necr           N/A          100%        1    ##.....
 Apportation              Tloc           #.....       100%        1    ##.....
 Beastly Appendage        Tmut           #.....       100%        1    ##.....
 Confusing Touch          Hex            #.....       100%        1    ##.....
 Pain                     Necr           #...         100%        1    ##.....
 Summon Small Mammal      Summ           #...         100%        1    ##.....
 Sticks to Snakes         Tmut           #.......     100%        2    ###....
 Regeneration             Chrm/Necr      #.........   100%        3    ####...
 Spider Form              Tmut/Pois      #.........   100%        3    ####...
 Vampiric Draining        Necr           #.........   100%        3    ####...
 Animate Dead             Necr           N/A          100%        4    #####..
 Ice Form                 Ice/Tmut       #.......     100%        4    #####..
 Blade Hands              Tmut           #.........   100%        5    ######.
 Haunt                    Necr/Summ      #.........   100%        7    #######
 Borgnjor's Revivificati  Necr           #.........   100%        8    #######
 Death's Door             Chrm/Necr      #.........   100%        8    #######
 Infestation              Necr           #.........   100%        8    #######
 Necromutation            Tmut/Necr      #.........   100%        8    #######


Dungeon Overview and Level Annotations

Branches:
Dungeon (11/15)            Temple (1/1) D:4            Lair (0/6) D:8
    Orc (1/2) D:9         Ossuary (visited)          Bailey (visited)

Altars:
Ashenzari
Cheibriados
Dithmenos
Elyvilon
Fedhas
Gozag
Hepliaklqana
Kikubaaqudgha
Makhleb
Nemelex Xobeh
Okawaru
Qazlal
Ru
Sif Muna
Trog
Uskayaw
Vehumet
Wu Jian
Xom
Yredelemnul
Zin
The Shining One

Shops:
D:7 (   D:9 *   D:11 !

Annotations:
D:10 1 runed translucent door, H0rd4k's ghost, journeyman DEWz


Innate Abilities, Weirdness & Mutations

You are small and have problems with some larger weapons.
You are somewhat resistant to further mutation.


Message History

You block the orc warrior's attack. The orc hits you but does no damage.
The orc warrior hits you but does no damage.
Found 24 gold pieces.
Things that are here:
a +0 giant club; an ogre corpse Unknown command.
You hit the orc warrior but do no damage.
The orc warrior is lightly wounded.
The orc warrior hits you with a +0 war axe!
* * * LOW HITPOINT WARNING * * *
The orc priest closely misses you. The orc warrior barely misses you.
The orc warrior hits you but does no damage.
Unknown command.
Unknown command.
Your shield prevents you from hitting the orc warrior.
The orc warrior is lightly wounded.
The orc hits you from afar with a +0 trident.
* * * LOW HITPOINT WARNING * * *
The orc warrior hits you with a +0 battleaxe!!
You die...

.... ....### #..#
.....#..#...## .
.............#..#
.....oo ........#
.>..ooo .......#
....ooo##..#...##..
...oooo@#.##..#......
....oooooo..........#
.....oo##o)#.......$##
.....o# #............##
$..... ##$...........##
..#.....##.............#
................#.....$#
.#.##................#
#....>.......<...#


You could see an orc warlord, 8 orc warriors, an orc priest, an orc wizard and
11 orcs.

Vanquished Creatures
  A hydra (D:11)
  A two-headed ogre (D:11)
  A centaur warrior (D:10)
  Pikel (D:9)
  4 ugly things (D:11)
  A cyclops (D:11)
  Maurice (D:10)
  Joseph (D:7)
  Psyche (D:9)
  A merfolk (D:9)
  2 hornets
  Prince Ribbit (D:9)
  A hippogriff (D:10)
  A shadow (D:10)
  Eustachio (D:5)
  A hungry ghost (D:11)
  2 water moccasins
  3 ice beasts
  5 orc warriors
  A slave (D:9)
  A sky beast (D:8)
  6 phantoms
  A necrophage (D:10)
  8 ogres
  9 centaurs
  2 big kobolds
  5 bullfrogs
  9 gnoll sergeants
  A wyvern skeleton (D:10)
  4 scorpions
  3 killer bees (D:11)
  6 wights
  2 howler monkeys (D:7)
  3 crimson imps
  A bullfrog zombie (D:5)
  6 gnoll shamans (Bailey)
  9 hounds
  3 jellies
  11 orc priests
  A bullfrog skeleton (D:9)
  11 orc wizards
  2 centaur skeletons
  Jessica (D:2)
  3 iguanas
  9 worker ants
  3 mummies (Ossuary)
  Robin (D:3)
  A worker ant zombie (D:7)
  20 gnolls
  A howler monkey skeleton (D:10)
  13 adders
  4 shadow imps
  2 oozes
  2 adder skeletons
  2 worms
  4 dart slugs
  5 leopard geckos
  56 orcs
  A bat (D:2)
  A giant cockroach (D:6)
  22 goblins
  6 hobgoblins
  11 kobolds
  A quokka (D:10)
  A ball python zombie (D:5)
  4 frilled lizards
  A giant cockroach zombie (D:6)
  9 goblin zombies
  A hobgoblin zombie (Ossuary)
  2 kobold zombies (Ossuary)
  A quokka skeleton (D:4)
  5 quokka zombies
  9 rats
  3 rat zombies (Ossuary)
  A plant (D:2)
341 creatures vanquished.

Vanquished Creatures (others)
  2 slaves (D:9)
2 creatures vanquished.

Grand Total: 343 creatures vanquished

Notes
Turn   | Place    | Note
-------+----------+-------------------------------------------
     0 | D:1      | Peloso the Halfling Fighter began the quest for the Orb.
     0 | D:1      | Reached XP level 1. HP: 15/15 MP: 1/1
   250 | D:1      | Reached XP level 2. HP: 20/20 MP: 2/2
   679 | D:2      | Noticed Jessica
   682 | D:2      | Killed Jessica
   682 | D:2      | Reached XP level 3. HP: 24/25 MP: 3/3
   785 | D:2      | Reached XP level 4. HP: 27/30 MP: 4/4
   818 | D:2      | Found a shimmering blue altar of Sif Muna.
  1257 | D:2      | Found a bloodstained altar of Trog.
  1694 | D:3      | Found a shattered altar of Ashenzari.
  1873 | D:3      | Noticed Robin
  1885 | D:3      | Killed Robin
  1885 | D:3      | Reached XP level 5. HP: 35/36 MP: 5/5
  2064 | D:3      | Found a bloodstained altar of Trog.
  2293 | D:4      | Reached XP level 6. HP: 26/42 MP: 6/6
  2320 | D:4      | Found a hazy altar of Hepliaklqana.
  2339 | D:4      | HP: 2/42 [poisoned by a worker ant]
  2393 | D:4      | Reached skill level 5 in Shields
  2542 | D:4      | Found a sand-covered staircase.
  2549 | Ossuary  | Entered an ossuary
  2580 | Ossuary  | Reached skill level 1 in Dodging
  3071 | D:4      | Found a staircase to the Ecumenical Temple.
  3427 | D:4      | Reached XP level 7. HP: 43/46 MP: 7/7
  3625 | Temple   | Entered the Ecumenical Temple
  3650 | Temple   | Became a worshipper of Warmaster Okawaru
  3938 | D:5      | Entered Level 5 of the Dungeon
  4006 | D:5      | Noticed Eustachio
  4081 | D:5      | Killed Eustachio
  4810 | D:5      | Reached skill level 5 in Long Blades
  4810 | D:5      | Reached XP level 8. HP: 39/54 MP: 8/8
  5177 | D:6      | Found a snail-covered altar of Cheibriados.
  5246 | D:6      | Found a white marble altar of Elyvilon.
  5314 | D:6      | Reached * piety under Okawaru
  5314 | D:6      | Reached skill level 5 in Armour
  5852 | D:6      | Reached skill level 1 in Stealth
  5852 | D:6      | Reached XP level 9. HP: 15/59 MP: 6/9
  5855 | D:6      | Reached ** piety under Okawaru
  6264 | D:6      | Found a shadowy altar of Dithmenos.
  6362 | D:7      | Found Qycula's Weapon Shop.
  6365 | D:7      | Noticed Joseph
  6649 | D:7      | Killed Joseph
  7078 | D:7      | Reached skill level 5 in Fighting
  7339 | D:7      | Found an ornate altar of the Wu Jian Council.
  7340 | D:7      | Found a hide-covered altar of Uskayaw.
  7513 | D:7      | Noticed a hornet
  7521 | D:7      | Paralysed by a hornet for 2 turns
  7535 | D:7      | Killed a hornet
  8025 | D:8      | Reached XP level 10. HP: 66/66 MP: 10/10
  8135 | D:8      | Reached *** piety under Okawaru
  8739 | D:8      | Paralysed by a hornet for 2 turns
  9521 | D:8      | Found a staircase to the Lair.
  9743 | D:9      | Found a radiant altar of Vehumet.
  9834 | D:9      | Noticed Prince Ribbit
 10024 | D:9      | Found Tome Xawni's General Store.
 10029 | D:9      | Bought a scroll of magic mapping for 38 gold pieces
 10106 | D:9      | Killed Prince Ribbit
 10219 | D:9      | Noticed Pikel
 10255 | D:9      | Killed Pikel
 10292 | D:9      | Found a staircase to the Orcish Mines.
 10341 | D:9      | Reached skill level 1 in Invocations
 10521 | D:9      | Reached **** piety under Okawaru
 10543 | D:9      | Noticed Psyche
 10554 | D:9      | Killed Psyche
 10789 | D:10     | Entered Level 10 of the Dungeon
 10822 | D:9      | Reached XP level 11. HP: 20/72 MP: 11/11
 11485 | D:9      | Reached skill level 10 in Shields
 12113 | D:10     | Reached skill level 10 in Long Blades
 12595 | D:10     | Noticed a centaur warrior
 12608 | D:10     | Killed a centaur warrior
 12813 | D:10     | Noticed Maurice
 12827 | D:10     | Killed Maurice
 12887 | D:10     | Found an iron altar of Okawaru.
 12997 | D:10     | Found a runed translucent door.
 12997 | D:10     | Found a shimmering altar of Xom.
 12997 | D:10     | Noticed H0rd4k's ghost (journeyman DEWz)
 12998 | D:10     | Noticed a +2 halberd of chaos
 13127 | D:11     | Noticed a cyclops
 13127 | D:11     | Noticed a cyan ugly thing
 13133 | D:11     | Noticed a white ugly thing
 13159 | D:11     | Killed a brown ugly thing
 13159 | D:11     | Reached ***** piety under Okawaru
 13176 | D:11     | Killed a red ugly thing
 13182 | D:11     | Killed a cyclops
 13182 | D:11     | Received a gift from Okawaru
 13287 | D:11     | Noticed a five-headed hydra
 13301 | D:11     | Killed a five-headed hydra
 13306 | D:11     | Noticed a cyan ugly thing
 13314 | D:11     | Killed a cyan ugly thing
 13363 | D:11     | Reached skill level 1 in Evocations
 13425 | D:11     | Reached XP level 12. HP: 34/80 MP: 13/13
 13460 | D:11     | Found a flagged portal.
 13570 | Bailey   | Entered a bailey
 14429 | D:11     | Found Lautin's Distillery.
 14535 | D:11     | Noticed a two-headed ogre
 14556 | D:11     | Killed a two-headed ogre
 15377 | D:9      | Bought a scroll of acquirement for 572 gold pieces
 15383 | D:9      | Found the +8 demon blade "Bloodbane" {slice, *Rage +Rage
                  | Stlth-}
 15490 | Orc:1    | Entered Level 1 of the Orcish Mines
 15538 | Orc:1    | Noticed an orc warlord
 15546 | Orc:1    | Slain by an orc warrior

Levels and vault maps discovered:
D:1:      dpeg_arrival_tiny_j, layout_loops_cross
D:2:      layout_loops_ring, old_standard_altar, serial_forest,
          infiniplex_forest_end_3, infiniplex_forest_clump_C,
          infiniplex_forest_diagonal, infiniplex_forest_clump_long,
          trog_butcher_becter, uniq_jessica
D:3:      layout_basic, cheibrodos_ashenzari_chains, bloody_trog, first_ration,
          uniq_robin
D:4:      layout_layer_cave, nicolae_overflow_hidden_temple,
          minmay_temple_entry_offerings, enter_ossuary_4
D:5:      layout_basic, uniq_eustachio
D:6:      layout_cave_pools, nicolae_dithmenos_through_a_glass_darkly,
          kennysheep_mini_moat, hangedman_decor_riveting, minmay_ruined_shrine
D:7:      layout_cave_pods, gammafunk_temple_overflow_pools, serial_shops, shop,
          due_unseen_surprise, uniq_joseph
D:8:      layout_cave_pods, dpeg_oklobed_lair
D:9:      layout_roguey, nicolae_overflow_crystal_walls, orc_0_dummy,
          serial_shops, shop, special_room [special_room_orc], nrook_uturn,
          hangedman_fish_farm, uniq_psyche, uniq_pikel, uniq_prince_ribbit1
D:10:     layout_long_grid, ebering_ghost_xom, okawaru_metal_pillars_1_2,
          uniq_maurice
D:11:     layout_loops_ring, enter_bailey_3, serial_shops, shop
Temple:   cyrus_circular_temple
Orc:1:    layout_caves, uniq_josephine, uniq_gastronok

Skill      XL: |  1  2  3  4  5  6  7  8  9 10 11 12 |
---------------+-------------------------------------+-----
Shields        | 4 5 6 7 8 9 11 | 11.7
Fighting       | 3 4 5 6 7 |  7.2
Long Blades    | 3 4 5 6 8 9 10 11 | 11.4
Armour         | 4 5 6 7 8 |  8.2
Dodging        | 1 2 3 |  3.7
Stealth        | 1 4 |  4.1
Invocations    | 1 2 |  2.2
Evocations     | 1 |  1.1

Action                   |  1- 3 |  4- 6 |  7- 9 | 10-12 || total
-------------------------+-------+-------+-------+-------++-------
Melee: Long sword        |    54 |   350 |   426 |   911 ||  1741
       Demon blade       |       |       |       |    17 ||    17
Invok: Heroism           |       |       |     3 |    40 ||    43
Evoke: Wand              |       |       |       |    16 ||    16
  Use: Scroll            |     2 |     8 |     5 |     5 ||    20
       Potion            |       |     3 |     3 |     5 ||    11
 Stab: Paralysed         |       |       |       |     8 ||     8
  Eat: Chunk             |       |     5 |     9 |    37 ||    51
       Ration            |       |     1 |     2 |       ||     3
Armor: Scale mail        |    19 |     5 |       |       ||    24
       Chain mail        |       |   129 |   220 |    34 ||   383
       Plate armour      |       |       |       |   229 ||   229
       Crystal plate arm |       |       |       |    41 ||    41
Dodge: Dodged            |    27 |    68 |   163 |   280 ||   538
Block: Shield            |    31 |   186 |   349 |   716 ||  1282
       Rpst.: Long sword |     4 |    24 |    52 |    74 ||   154
       Demon blade       |       |       |       |     2 ||     2
